 Dungeon Crawl Stone Soup version 0.30-a0-475-g03497ec522 (webtiles) character file.

Game seed: 16661372122853167639

14 kae the Firebug (level 2, -1/20 HPs)
             Began as a Demigod Fire Elementalist on Dec 20, 2022.
             Slain by a hobgoblin (4 damage)
             ... on level 1 of the Dungeon.
             The game lasted 00:00:40 (395 turns).

kae the Firebug (Demigod Fire Elementalist)          Turns: 395, Time: 00:00:41

Health: -1/20      AC:  3    Str:  9    XL:     2   Next: 18%
Magic:  7/7        EV: 12    Int: 17    God:
Gold:   18         SH:  0    Dex: 14    Spells: 3/4 levels left

rFire   . . .      SeeInvis .    c - +0 dagger
rCold   . . .      Faith    .    (no shield)
rNeg    . . .      Spirit   .    a - +1 robe
rPois   .          Reflect  .    (no helmet)
rElec   .          Harm     .    (no cloak)
rCorr   .          Rampage  .    (no gloves)
Will    .....                    (no boots)
Stlth   ++........               (no amulet)
HPRegen 0.23/turn                (no ring)
MPRegen 0.10/turn                (no ring)

@: no status effects
A: high MP 1, forlorn, divine attributes
a: no special abilities


You were on level 1 of the Dungeon.
You visited 1 branch of the dungeon, and saw 1 of its levels.

You collected 18 gold pieces.


Innate Abilities, Weirdness & Mutations

You have an increased reservoir of magic. (+10% MP)
You shall have no god before yourself.
Your divine heritage dramatically boosts your attributes as you level up.


   Skills:
 - Level 1.7 Dodging
 - Level 1.7 Stealth
 + Level 1.9 Spellcasting
 * Level 1.4 Conjurations
 * Level 3.0 Fire Magic


You had 3 spell levels left.
You knew the following spells:

 Your Spells              Type           Power      Damage    Failure   Level
a - Foxfire               Conj/Fire      36%        2x1d5     8%          1

Your spell library contained the following spells:

 Spells                   Type           Power      Damage    Failure   Level
 Scorch                   Fire           24%        2d6       9%          2
 Sublimation of Blood     Necr           1%         N/A       30%         2
 Wereblood                Tmut           1%         N/A       30%         2
 Inner Flame              Hex/Fire       6%         N/A       30%         3
 Kindle Blastsparks       Fire/Tloc/Air  10%        2d10      36%         3
 Flame Wave               Conj/Fire      9%         2d6       58%         4
 Summon Hydra             Summ           0%         N/A       100%        7

Inventory:

Hand Weapons
 c - a +0 dagger (weapon)
   (You took it off a goblin on level 1 of the Dungeon)
Missiles
 d - 13 stones
Armour
 a - a +1 robe (worn)
Scrolls
 e - a scroll of enchant armour
Potions
 b - 2 potions of magic

Dungeon Overview and Level Annotations

Branches:
Dungeon (1/15) Zot: 5602

... ........ ....
#.....# ..... #......
...## ####......
..r###....#....
#.K##....##.#.
#.##...†##.#.
############..#....##.#.
...hShg@llrK........†.##
....#########...########
. ..##..####### ....
..........
#.!...###.####### #.....
.. #.#### ##. #. ##


You could see a quokka, 2 jackals, a hobgoblin, a ball python, a kobold and 2
frilled lizards.


Message History

A hobgoblin comes into view.
The hobgoblin shouts!
You hear an angry hiss. 😎 HP[+3] MP[+1]
Your hp is fully restored (20).
The hobgoblin hits you.
You hit the hobgoblin.
The hobgoblin closely misses you. 😕 HP[-3]
You take 3 damage, and now have 17/20 hp.
A hobgoblin is nearby!
You hit the hobgoblin.
You kill the hobgoblin!
No target in view!
e - 2 scrolls labelled GAHODW ECRYD (gained 1)
A frilled lizard and a kobold come into view. 😎 HP[+3] MP[+2]
Your hp is fully restored (20).
Your mp is fully restored (7).
A hobgoblin comes into view.
The frilled lizard hisses angrily.
There are monsters nearby!
You hit the kobold but do no damage.
A quokka comes into view.
The kobold misses you.
You barely miss the kobold.
A frilled lizard comes into view.
The kobold closely misses you.
There are monsters nearby!
The frilled lizard hisses angrily.
You hit the kobold but do no damage. You punch the kobold.
The kobold hits you with a +0 dagger.
You hit the kobold but do no damage.
The kobold hits you with a +0 dagger. 😕 HP[-3]
You take 3 damage, and now have 17/20 hp.
You closely miss the kobold. The kobold hits you with a +0 dagger.
You barely miss the kobold. The kobold closely misses you.
You hit the kobold but do no damage. The kobold barely misses you.
The frilled lizard bites you.
An endoplasm comes into view.
The frilled lizard bites you but does no damage.
You are too injured to fight recklessly! 😮 HP[-3]
You take 3 damage, and now have 14/20 hp.
You are too injured to fight recklessly!
You are too injured to fight recklessly!
Unknown command.
Okay, then.
Okay, then.
As you read the scroll labelled GAHODW ECRYD, it crumbles to dust.
It is a scroll of enchant armour.
Your +0 robe glows green for a moment.
The frilled lizard closely misses you.
The frilled lizard bites you but does no damage.
The kobold barely misses you. The kobold attacks as you move away!
The kobold hits you with a +0 dagger.
The frilled lizard barely misses you. 😮 HP[-2]
You take 2 damage, and now have 12/20 hp.
The frilled lizard attacks as you move away!
The frilled lizard bites you.
* * * LOW HITPOINT WARNING * * *
The frilled lizard attacks as you move away!
The frilled lizard misses you. 😨 HP[-2]
You take 2 damage, and now have 10/20 hp.
The frilled lizard attacks as you move away!
The frilled lizard bites you.
* * * LOW HITPOINT WARNING * * *
The frilled lizard attacks as you move away!
The frilled lizard bites you.
* * * LOW HITPOINT WARNING * * *
😨 HP[-4]
You take 4 damage, and now have 6/20 hp.
The frilled lizard attacks as you move away!
The frilled lizard bites you but does no damage.
A jackal comes into view.
The quokka twitches its whiskers.
A ball python comes into view.
The ball python hisses angrily.
The jackal barks!
A jackal comes into view.
Unknown command.
Okay, then.
Okay, then.
You aren't carrying any items that you can evoke.
Unknown command.
Unknown command.
Okay, then.
You hit the hobgoblin but do no damage. The hobgoblin barely misses you.
The frilled lizard barely misses you. 😨 HP[+1]
You barely miss the hobgoblin.
The hobgoblin hits you but does no damage.
The frilled lizard bites you.
* * * LOW HITPOINT WARNING * * *
😱 HP[-3]
You take 3 damage, and now have 4/20 hp.
You completely miss the hobgoblin. The frilled lizard bites you.
* * * LOW HITPOINT WARNING * * *
The hobgoblin misses you. 😱 HP[-1]
You take 1 damage, and now have 3/20 hp.
You hit the hobgoblin. The hobgoblin hits you.
You die...

Skill      XL: |  1 |
---------------+----+-----
Conjurations   | 1 |  1.4
Fire Magic     | 3 |  3.0
Dodging        | |  1.7
Stealth        | |  1.7
Spellcasting   | |  1.9

Action                   || total
-------------------------++-------
Melee: Dagger            ||    17
       Punch             ||     1
 Cast: Foxfire           ||    19
  Use: Scroll            ||     1
Armor: Robe              ||     6
Dodge: Dodged            ||    19

Levels and vault maps discovered:
D:1:      psy_arrival_conway, layout_basic

Notes
Turn   | Place    | Note
-------+----------+-------------------------------------------
     0 | D:1      | kae the Demigod Fire Elementalist began the quest for the
                  | Orb.
     0 | D:1      | Reached XP level 1. HP: 14/14 MP: 5/5
     0 | D:1      | magus.rc [v1.11.3]
    27 | D:1      | Reached skill level 1 in Conjurations
    83 | D:1      | HP: 3/14 [ball python (2)]
   214 | D:1      | You pick up a book of Blood and begin reading...
   214 | D:1      | You add the spells Sublimation of Blood, Wereblood and
                  | Summon Hydra to your library.
   258 | D:1      | Reached skill level 3 in Fire Magic
   258 | D:1      | Reached XP level 2. HP: 20/20 MP: 2/7
   388 | D:1      | HP: 5/20 [frilled lizard (3)]
   393 | D:1      | HP: 4/20 [frilled lizard (3)]
   395 | D:1      | Slain by a hobgoblin

Vanquished Creatures
  2 endoplasms (D:1)
  A giant cockroach (D:1)
  2 goblins (D:1)
  A hobgoblin (D:1)
  A quokka (D:1)
  2 ball pythons (D:1)
  2 frilled lizards (D:1)
  2 kobolds (D:1)
  A rat (D:1)
14 creatures vanquished.

Vanquished Creatures (others)
  34 foxfires (D:1)
34 creatures vanquished.

Grand Total: 48 creatures vanquished

Table legend:
 A = Non-vault XP
 B = Vault XP
 C = Vault XP percentage of total XP
 D = Non-vault monster count
 E = Vault monster count
 F = Vault count percentage of total count
                 A         B        C        D         E       F
            +---------+---------+-------+---------+---------+-------
      Total |      21 |       0 |   0.0 |      14 |       0 |   0.0
            +---------+---------+-------+---------+---------+-------
        D:1 |      21 |       0 |   0.0 |      14 |       0 |   0.0
            +---------+---------+-------+---------+---------+-------

Illustrated notes

Table legend:
 A = Kills in this place as a percentage of kills in entire the game.
 B = Kills by you in this place as a percentage of kills by you in the entire game.
 C = Kills by friends in this place as a percentage of kills by friends in the entire game.
 D = Other kills in this place as a percentage of other kills in the entire game.
 E = Experience gained in this place as a percentage of experience gained in the entire game.
 F = Experience gained in this place divided by the number of levels of this place that you have seen.
                   A       B       C       D       E      F
               +-------+-------+-------+-------+-------+----------------------
         Total | 100.0 | 100.0 |   N/A |   N/A | 100.0 |  21.0
       Dungeon | 100.0 | 100.0 |   N/A |   N/A | 100.0 |  21.0
               +-------+-------+-------+-------+-------+----------------------

Table legend: (Time is in decaauts)
 A = Elapsed time spent in this place.
 B = Non-inter-level travel time spent in this place.
 C = Inter-level travel time spent in this place.
 D = Time resting spent in this place.
 E = Time spent auto-exploring this place.
 F = Levels seen in this place.
 G = Mean time per level.
                   A        B        C        D        E       F      G
               +--------+--------+--------+--------+--------+-----+--------+
         Total |    396 |    396 |      0 |     32 |    263 |   1 |  396.0 |
       Dungeon |    396 |    396 |      0 |     32 |    263 |   1 |  396.0 |
               +--------+--------+--------+--------+--------+-----+--------+

Top non-repeatable levels by time:
     D:1: 396 daAuts
